 Dungeon Crawl Stone Soup version 0.28.0 (webtiles) character file.

Game seed: 2131745735952159657

102 zeram the Ducker (level 4, -9/31 HPs)
             Began as an Octopode Fighter on Feb 12, 2022.
             Mangled by a gnoll (13 damage)
             ... on level 3 of the Dungeon.
             The game lasted 00:03:36 (2240 turns).

zeram the Ducker (Octopode Fighter)                 Turns: 2240, Time: 00:03:37

Health: -9/31      AC:  5    Str: 15    XL:     4   Next: 77%
Magic:  4/4        EV: 13    Int: 12    God:
Gold:   62         SH:  4    Dex: 11    Spells: 3/3 levels left

rFire   . . .      SeeInvis .   a - +1 rapier
rCold   . . .      Faith    .   b - +0 buckler
rNeg    . . .      Spirit   .   (helmet restricted)
rPois   .          Reflect  .   (no amulet)
rElec   .          Harm     .   i - +4 ring of protection
rCorr   +          Rampage  .   m - ring of resist corrosion
Will    .....                   (no ring)
Stlth   +++.......              (no ring)
HPRegen 0.10/turn               (no ring)
MPRegen 0.09/turn               (no ring)
                                (no ring)
                                (no ring)

@: no status effects
A: almost no armour, amphibious, 8 rings, camouflage 1, gelatinous body 1,
(nimble swimmer 1), tentacles
a: no special abilities


You were on level 3 of the Dungeon.
You visited 1 branch of the dungeon, and saw 3 of its levels.

You collected 62 gold pieces.

Inventory:

Hand Weapons
 a - a +1 rapier (weapon)
 c - a +0 whip
Missiles
 h - 5 poisoned darts (quivered)
Armour
 b - a +0 buckler (worn)
Jewellery
 i - a +4 ring of protection (left tentacle)
 m - a ring of resist corrosion (right tentacle)
Wands
 d - a wand of charming (9)
Scrolls
 e - a scroll of enchant weapon
Potions
 g - a potion of degeneration {unknown}
 j - a potion of resistance
 k - a potion of flight {unknown}
 l - a potion of lignification {unknown}
 n - a potion of might


   Skills:
 - Level 3.0 Fighting
 + Level 3.2 Short Blades
 + Level 3.5 Dodging
 + Level 3.0 Stealth
 + Level 3.4 Shields


You had 3 spell levels left.
You didn't know any spells.
Your spell library contained the following spells:

 Spells                   Type           Power      Damage    Failure   Level
 Summon Small Mammal      Summ           0%         N/A       41%         1


Dungeon Overview and Level Annotations

Branches:
Dungeon (3/15)

Altars:


Innate Abilities, Weirdness & Mutations

You cannot wear most types of armour.
You are amphibious.
You can wear up to eight rings at the same time.
Your skin changes colour to match your surroundings (Stealth+).
Your rubbery body absorbs attacks. (AC +1, EV +1)
((You are camouflaged when in or above water. (Stealth+)))
You have tentacles for arms and can constrict up to eight enemies at once.


Message History

A bat is nearby!
A bat is nearby!
A bat is nearby!
A bat is nearby!
The helpless bat fails to defend itself.
You puncture the bat!
You kill the bat!
Your Stealth skill increases to level 3!
No target in view!
No target in view!
A gnoll comes into view. It is wielding a +0 spear.
A gnoll is nearby!
A gnoll is nearby!
A gnoll is nearby!
A gnoll is nearby!
A gnoll is nearby!
A gnoll is nearby!
A ball python comes into view. 3 gnolls come into view.
The gnoll shouts! x2; The ball python hisses angrily.
The gnoll shouts!
The gnoll hits you but does no damage. The gnoll misses you.
The gnoll hits you but does no damage.
You hit the gnoll. Your grab misses the gnoll. You squeeze the gnoll!
The gnoll is almost dead.
The gnoll hits you from afar with a +0 halberd!
The gnoll hits you with a +0 spear. The gnoll barely misses you.
You closely miss the gnoll. Your grab misses the gnoll.
The gnoll is almost dead.
You block the ball python's attack. x2; The gnoll barely misses you.
The gnoll hits you with a +0 spear! The gnoll closely misses you. x2
The ball python barely misses you. The ball python grabs you.
The ball python constricts you.
You are too injured to fight recklessly!
You are too injured to fight recklessly!
You are too injured to fight recklessly!
You escape the ball python's grasp.
You block the gnoll's attack. The gnoll hits you with a +0 halberd!
* * * LOW HITPOINT WARNING * * *
The gnoll hits you from afar with a +0 halberd!
You die...

### ##.. ##...
#############....
#................
########.####...####....
#..............#.# ##...
#........####.#.## ##..
#......@##.###.## ##.
#......S....#### #.
......ggg#.#.# #.
#......g....... #.
#.#...#......#. #. #
#####........ #.
......... ## #........
#.#...##.


You could see 4 gnolls and a ball python.

Vanquished Creatures
  2 adders (D:2)
  A worm (D:2)
  3 dart slugs
  7 endoplasms
  3 giant cockroaches
  7 goblins
  7 hobgoblins
  12 jackals
  5 kobolds
  4 quokkas
  8 bats
  2 frilled lizards
  2 rats (D:2)
63 creatures vanquished.

Notes
Turn   | Place    | Note
-------+----------+-------------------------------------------
     0 | D:1      | zeram the Octopode Fighter began the quest for the Orb.
     0 | D:1      | Reached XP level 1. HP: 16/16 MP: 1/1
    52 | D:1      | Found a faded altar of an unknown god.
    61 | D:1      | Got Plato's Guide on Calling
    79 | D:1      | Reached XP level 2. HP: 19/21 MP: 2/2
   159 | D:1      | Reached skill level 1 in Stealth
   382 | D:1      | Reached XP level 3. HP: 12/26 MP: 3/3
  1222 | D:2      | Reached XP level 4. HP: 13/31 MP: 4/4
  2240 | D:3      | Mangled by a gnoll

Illustrated notes

Levels and vault maps discovered:
D:1:      heliophobic_arrival_enchanted_forest, layout_loops_ring,
          shapermc_ecumenical_altar_rom_forum, st_stairs_5, minmay_vboxes
D:2:      layout_basic
D:3:      kb_forest_paths, layout_loops_ring

Skill      XL: |  1  2  3  4 |
---------------+-------------+-----
Stealth        | 1 2 3 |  3.0
Short Blades   | 3 |  3.2
Fighting       | |  3.0
Dodging        | |  3.5
Shields        | |  3.4

Action                   |  1- 3 |  4- 6 || total
-------------------------+-------+-------++-------
Melee: Rapier            |    73 |    40 ||   113
       Constrict         |    14 |     9 ||    23
       Tentacles         |     9 |    11 ||    20
       Punch             |     2 |       ||     2
Throw: Dart              |       |     1 ||     1
  Use: Potion            |     1 |       ||     1
       Scroll            |       |     3 ||     3
 Stab: Sleeping          |    11 |     2 ||    13
Armor: Skin              |     8 |     4 ||    12
Dodge: Dodged            |    40 |    34 ||    74
Block: Buckler           |    18 |     8 ||    26
